 Dungeon Crawl Stone Soup version 0.27.1-4-g1640c2035a (webtiles) character file.

Game seed: 14703652784886170575

247939 Urokeeper the Slayer (level 18, -4/182 HPs)
             Began as a Minotaur Berserker on Nov 9, 2021.
             Was a High Priest of Trog.
             Killed from afar by Nikola (69 damage)
             ... with an arc of chain lightning
             ... on level 4 of the Shoals.
             The game lasted 01:55:07 (35347 turns).

Urokeeper the Slayer (Minotaur Berserker)          Turns: 35347, Time: 01:55:08

Health: -4/182     AC: 37    Str: 31    XL:     18   Next: 83%
Magic:  17/17      EV: 12    Int:  4    God:    Trog [*****.]
Gold:   2996       SH: 25    Dex: 14    Spells: 17/17 levels left

rFire    . . .     SeeInvis .   X - +3 eveningstar (protect)
rCold    + . .     Faith    .   S - +3 kite shield of Xines {rF- rC+ rN+}
rNeg     + . .     Spirit   .   l - +5 plate armour of Lugonu's Delight {Str+2}
rPois    .         Reflect  +   (helmet unavailable)
rElec    .         Harm     .   n - +0 cloak
rCorr    .         Rampage  .   K - +2 pair of gloves {Dex+3}
Will     ++++.     Clarity  +   k - +0 pair of boots
Stlth    ..........             f - amulet of reflection
HPRegen  1.40/turn              r - ring of protection from fire
MPRegen  0.15/turn              M - ring of flight

@: strong-willed, under a protective aura, on berserk cooldown, flying,
regenerating, slowed, studying Polearms, very slow
A: horns 3, retaliatory headbutt, clarity, strong-willed 1
}: 2/15 runes: serpentine, barnacled
a: Renounce Religion, Berserk, Trog's Hand, Brothers in Arms


You were on level 4 of the Shoals.
You worshipped Trog.
Trog was extremely pleased with you.
You visited 5 branches of the dungeon, and saw 30 of its levels.

You collected 2996 gold pieces.

Inventory:

Hand Weapons
 g - a +9 demon whip of venom
 X - a +3 eveningstar of protection (weapon)
Missiles
 b - 4 curare-tipped darts (quivered)
Armour
 k - a +0 pair of boots (worn)
 l - the +5 plate armour of Lugonu's Delight (worn) {Str+2}
   (You found it on level 14 of the Dungeon)

   Str:       It affects your strength (+2).
 n - a +0 cloak (worn)
 I - a +0 tower shield
 K - a +2 pair of gloves of dexterity (worn)
 O - the +3 chain mail of Resonance {rPois rN+ Int+2}
   (You found it on level 1 of the Lair of Beasts)

   Int:       It affects your intelligence (+2).
   rPois:     It protects you from poison.
   rN:        It protects you from negative energy.
 S - the +3 kite shield of Xines (worn) {rF- rC+ rN+}
   (You took it off Donald on level 1 of the Shoals)

   rF:        It makes you vulnerable to fire.
   rC:        It protects you from cold.
   rN:        It protects you from negative energy.
 Y - a +0 hat
Jewellery
 d - a ring of see invisible
 f - an amulet of reflection (around neck)
 o - a ring of ice
 q - an amulet of guardian spirit
 r - a ring of protection from fire (left hand)
 v - a ring of positive energy
 y - a ring of poison resistance
 C - a ring of protection from cold
 E - an amulet of the acrobat
 J - a +6 ring of dexterity
 M - a ring of flight (right hand)
Wands
 j - a wand of acid (24)
 u - a wand of flame (62)
 x - a wand of iceblast (41)
 F - a wand of mindburst (23)
 G - a wand of polymorph (14)
 N - a wand of charming (8)
 T - a wand of digging (6)
 Z - a wand of paralysis (26)
Scrolls
 a - 11 scrolls of teleportation
 e - 9 scrolls of blinking
 h - 2 scrolls of summoning
 m - 9 scrolls of identify
 p - 6 scrolls of fog
 w - 6 scrolls of vulnerability
 A - 2 scrolls of enchant armour
 D - 4 scrolls of fear
 Q - 3 scrolls of immolation
 R - a scroll of silence
 U - 5 scrolls of magic mapping
Potions
 c - 4 potions of haste
 i - 2 potions of invisibility
 s - 3 potions of mutation
 t - 10 potions of curing
 z - 4 potions of heal wounds
 B - 3 potions of attraction
 H - 6 potions of lignification
 V - 2 potions of resistance
 W - a potion of ambrosia
Miscellaneous
 L - a lightning rod (4/4)
 P - a phantom mirror


   Skills:
 + Level 21.1 Fighting
 + Level 17.3 Maces & Flails
 + Level 18.3 Armour
 + Level 8.3 Dodging
 + Level 20.2 Shields


You had 17 spell levels left.
You didn't know any spells.
Your spell library was empty.

Dungeon Overview and Level Annotations

Branches:
Dungeon (14/15)            Temple (0/1) D:4            Lair (6/6) D:9
 Shoals (4/4) Lair:4        Snake (4/4) Lair:3        Slime (0/5) Lair:6
    Orc (2/2) D:11            Elf (0/3) Orc:2        Vaults (0/5) D:14

Altars:
Gozag
Wu Jian
Yredelemnul
Beogh

Shops:
D:3 :   D:5 (   D:14 ?   Orc:1 [   Orc:2 ([!

Annotations:
Lair:2 2 runed translucent doors, pkoi's ghost, journeyman TrMo
Shoals:4 Nikola


Innate Abilities, Weirdness & Mutations

You have a pair of large horns on your head.
You reflexively headbutt those who attack you in melee.
You possess an exceptional clarity of mind.
You are strong-willed. (Will+)


Message History

You crush Nikola like a grape!!!
Your weapon exudes an aura of protection.
Nikola is heavily wounded.
Your deep troll bites Nikola.
Your deep troll claws Nikola.
Your deep troll barely misses Nikola.
Nikola points at your deep troll and mumbles some strange words.
The bolt of lightning hits your deep troll!!!
The faun shoots a sling bullet.
You reflect the sling bullet off an invisible shield around you!
The sling bullet hits the faun!!
Your deep troll closely misses Nikola.
Your deep troll completely misses Nikola.
Your deep troll claws Nikola!!
You hit Nikola.
Nikola is severely wounded.
Nikola mumbles some strange words.
Lightning arcs from Nikola's hands!
The bolt of lightning hits you!!!!
A bolt of lightning appears from out of thin air!
The bolt of lightning hits your deep troll!!!
Your deep troll dies!
Your deep troll's corpse disappears in a puff of smoke!
The bolt of lightning hits Nikola!
The faun shoots a sling bullet.
The sling bullet hits you but does no damage.
Nikola yells, "Danger!
Danger!
High voltage!"
Nikola casts a spell.
Nikola blinks!
The faun shoots a sling bullet.
You reflect the sling bullet off an invisible shield around you!
The sling bullet hits the faun!!
You kill the faun!
Trog accepts your kill.
Trog appreciates your killing of a magic user.
Nikola mumbles some strange words.
Lightning arcs from Nikola's hands!
The bolt of lightning hits you.
A bolt of lightning appears from out of thin air!
The bolt of lightning hits Nikola!
Nikola warns, "If you see one of my golems, approach with caution, they bite."
Nikola closely misses you.
Nikola gestures wildly while chanting.
Lightning arcs from Nikola's hands!
The bolt of lightning hits you!!!
You die...

....≈≈≈
≈≈≈≈≈≈≈.####.........≈≈.
≈≈≈≈≈≈≈)................
#≈≈≈≈≈≈..............≈..P
#≈≈≈≈≈...............##.≈
#≈≈≈≈≈............... #≈≈
#≈≈≈≈≈............≈≈≈≈#≈≈
#≈≈≈≈≈............≈≈≈≈##≈
#≈≈≈≈≈≈.@..§......≈≈(P≈≈.
#≈≈≈≈≈≈.@.........≈≈≈.#).
#≈≈≈≈≈≈≈.......#..≈...#..
#≈≈≈≈≈≈≈......##≈P≈......
#≈≈≈≈≈≈≈≈....##≈≈≈.P.....
#≈≈≈≈≈≈≈≈.##.≈≈≈≈≈.....).
#≈≈≈≈≈≈≈≈≈≈.P≈≈≈≈≈≈.P....
#≈≈≈≈≈≈≈≈≈≈.≈≈≈|≈≈:......
#≈≈≈≈≈≈≈≈≈P........PP....


You could see Nikola (fast).

Vanquished Creatures
  Saint Roka (Orc:2)
  Jorgrun (D:12)
  A kraken (Shoals:3)
  Donald (Shoals:1)
  Frances (Shoals:1)
  Kirke (Lair:6)
  4 nagarajas (Snake:4)
  A fire giant (D:14)
  Louise (Snake:4)
  Snorg (Lair:5)
  5 merfolk javelineers
  6 merfolk impalers
  The ghost of Zaegoraum the Carver, a journeyman DsAK of Lugonu (Lair:4)
  The ghost of y3s the Impaler, a journeyman MiBe of Trog (Orc:1)
  2 salamander tyrants
  Harold (Lair:1)
  2 vault guards (D:14)
  9 hydras
  An ogre mage (D:11)
  10 boulder beetles
  9 anacondas
  An alligator snapping turtle (Shoals:4)
  An ice dragon (D:12)
  6 centaur warriors
  2 two-headed ogres
  5 merfolk avatars
  9 naga warriors
  7 merfolk aquamancers
  4 orc high priests
  6 satyrs
  14 death yaks
  7 naga sharpshooters
  Nergalle (D:10)
  A deep elf knight (D:12)
  A fire crab (Lair:6)
  10 shock serpents
  8 skeletal warriors
  Sonja (Lair:4)
  3 salamander mystics
  10 sea snakes
  A lindwurm (Lair:6)
  A deep elf archer (D:12)
  7 orc knights
  A harpy (shapeshifter) (D:14)
  9 naga ritualists
  6 deep elf pyromancers
  2 deep elf zephyrmancers
  11 harpies
  3 wizards
  4 phantasmal warriors
  2 wolf spiders (Lair:6)
  8 mana vipers
  11 cyclopes
  12 fauns
  14 ugly things
  7 orc sorcerers
  11 manticores
  A guardian serpent (shapeshifter) (D:14)
  11 salamanders
  6 guardian serpents
  8 merfolk sirens
  26 elephants
  29 black mambas
  6 naga magi
  A torpor snail (Lair:4)
  5 water nymphs
  12 cane toads
  A gargoyle (D:14)
  5 rime drakes
  3 kobold demonologists
  2 tengu conjurers
  A freezing wraith (D:14)
  8 komodo dragons
  5 polar bears
  9 trolls
  26 merfolk
  6 wind drakes
  A meliai (shapeshifter) (D:14)
  2 hornets (Lair:6)
  A hornet (shapeshifter) (D:13)
  22 blink frogs
  Prince Ribbit (D:9)
  28 dream sheep
  11 slime creatures
  7 snapping turtles
  A redback (Lair:6)
  Sigmund (D:3)
  13 wyverns
  4 wraiths
  2 vampires
  8 humans (D:14)
  20 water elementals
  60 yaks
  8 basilisks
  3 vampire mosquitoes (D:14)
  3 wargs
  Edmund (D:4)
  30 nagas
  2 acid dragons
  22 water moccasins
  Duvessa (D:5)
  26 orc warriors
  2 ice beasts
  10 wolves
  A sky beast (D:7)
  3 ogres
  A phantom (D:5)
  11 centaurs
  4 kobold brigands
  6 scorpions
  A gnoll sergeant (D:9)
  11 bullfrogs
  Dowan (D:5)
  A water moccasin zombie (D:5)
  A howler monkey (D:11)
  8 electric eels
  2 bullfrog zombies
  4 centaur zombies
  16 orc priests
  Crazy Yiuf (D:2)
  3 hounds
  2 bullfrog skeletons
  A jelly (D:6)
  4 iguanas
  21 orc wizards
  A hound skeleton (D:4)
  A mummy (D:4)
  A howler monkey zombie (D:8)
  Robin (D:2)
  7 adders
  3 gnolls (D:9)
  A howler monkey skeleton (D:5)
  2 ufetubi (D:6)
  An adder skeleton (D:4)
  4 worms
  A dart slug (D:1)
  53 orcs
  7 ball pythons
  8 endoplasms
  2 giant cockroaches
  12 hobgoblins
  4 jackals
  6 quokkas
  7 bats
  6 frilled lizards
  10 goblins
  2 hobgoblin zombies (D:4)
  10 kobolds
  A kobold zombie (D:4)
  An orc zombie (D:4)
  2 plants (Shoals:1)
985 creatures vanquished.

Vanquished Creatures (collateral kills)
  Vashnia (Snake:4)
  Urug (Lair:2)
2 creatures vanquished.

Vanquished Creatures (others)
  A wizard (D:14)
  A manticore (Shoals:2)
  5 humans
  An orc warrior (Orc:2)
  A wolf (Lair:6)
  3 bushes
  72 fungi
  229 plants
  5 tentacles (Shoals:3)
318 creatures vanquished.

Grand Total: 1305 creatures vanquished

Notes
Turn   | Place    | Note
-------+----------+-------------------------------------------
     0 | D:1      | Urokeeper the Minotaur Berserker began the quest for the
                  | Orb.
     0 | D:1      | Reached XP level 1. HP: 19/19 MP: 0/0
   170 | D:1      | Reached XP level 2. HP: 19/26 MP: 1/1
   762 | D:1      | Reached ** piety under Trog
  1008 | D:1      | Reached skill level 5 in Maces & Flails
  1025 | D:1      | Reached XP level 3. HP: 13/31 MP: 2/2
  1537 | D:2      | Noticed Robin
  1548 | D:2      | Killed Robin
  1737 | D:2      | You fall into a shaft and drop 1 floor!
  1794 | D:3      | Reached XP level 4. HP: 35/39 MP: 3/3
  1940 | D:2      | Found a runed translucent door.
  1941 | D:2      | Noticed Crazy Yiuf
  1948 | D:2      | Killed Crazy Yiuf
  2074 | D:2      | Reached *** piety under Trog
  2356 | D:3      | Found Aqeuv's Book Shoppe.
  2566 | D:3      | Found a faded altar of an unknown god.
  2649 | D:3      | Noticed Sigmund
  2668 | D:3      | Killed Sigmund
  2669 | D:3      | Reached XP level 5. HP: 45/45 MP: 4/4
  2669 | D:3      | Reached XP level 6. HP: 51/51 MP: 5/5
  2872 | D:4      | Noticed Edmund
  2892 | D:4      | Killed Edmund
  3090 | D:4      | Reached XP level 7. HP: 57/57 MP: 6/6
  3092 | D:4      | Found a staircase to the Ecumenical Temple.
  3439 | D:4      | Reached skill level 10 in Maces & Flails
  3622 | D:5      | Entered Level 5 of the Dungeon
  3855 | D:5      | Reached **** piety under Trog
  4072 | D:5      | Reached XP level 8. HP: 53/64 MP: 7/7
  4160 | D:5      | Found Qeahosmi's Weapon Shoppe.
  4336 | D:5      | Noticed Duvessa
  4336 | D:5      | Noticed Dowan
  4350 | D:5      | Killed Duvessa
  4354 | D:5      | Killed Dowan
  6050 | D:7      | Reached XP level 9. HP: 54/70 MP: 8/8
  6245 | D:7      | Noticed a four-headed hydra
  6258 | D:7      | Killed a four-headed hydra
  6259 | D:7      | Reached skill level 5 in Fighting
  6644 | D:7      | Reached skill level 5 in Armour
  6718 | D:7      | Gained mutation: Your mind is acute. (Int +2) [potion of
                  | mutation]
  6718 | D:7      | Lost mutation: Your mind is acute. (Int +2) [potion of
                  | mutation]
  6771 | D:8      | Noticed a cyclops
  6778 | D:8      | Killed a cyclops
  6779 | D:8      | Reached skill level 6 in Fighting
  6922 | D:8      | Found an ornate altar of the Wu Jian Council.
  7181 | D:8      | Reached skill level 7 in Fighting
  7473 | D:8      | Reached XP level 10. HP: 74/86 MP: 9/9
  7804 | D:9      | Reached skill level 8 in Fighting
  7804 | D:9      | Reached skill level 5 in Dodging
  7813 | D:9      | Found a staircase to the Lair.
  8092 | D:9      | Noticed Prince Ribbit
  8103 | D:9      | Killed Prince Ribbit
  8168 | D:9      | Identified a scroll of acquirement
  8170 | D:9      | Acquired a +7 demon whip of venom
  8511 | D:10     | Entered Level 10 of the Dungeon
  8662 | D:10     | Noticed Nergalle
  8676 | D:10     | Killed Nergalle
  8677 | D:10     | Reached skill level 9 in Fighting
  8708 | D:10     | Reached ***** piety under Trog
  8914 | D:10     | Noticed a boulder beetle
  8936 | D:10     | Noticed a centaur warrior
  8938 | D:10     | Killed a boulder beetle
  8939 | D:10     | Reached XP level 11. HP: 73/99 MP: 10/10
  8946 | D:10     | Killed a centaur warrior
  8947 | D:10     | Reached skill level 10 in Fighting
  8980 | D:10     | Noticed a boulder beetle
  8995 | D:10     | Killed a boulder beetle
  8996 | D:10     | Reached skill level 10 in Armour
  9141 | D:10     | Identified the +2 scale mail "Camu" {MP+9 Str+5}
  9590 | D:11     | Noticed a skeletal warrior
  9590 | D:11     | Noticed a skeletal warrior
  9661 | Lair:1   | Entered Level 1 of the Lair of Beasts
  9661 | Lair:1   | Noticed Harold
  9678 | Lair:1   | Killed Harold
  9679 | Lair:1   | Reached skill level 11 in Fighting
  9679 | Lair:1   | Reached skill level 1 in Shields
 10366 | Lair:1   | Reached skill level 12 in Fighting
 10515 | Lair:1   | Identified the +3 chain mail of Resonance {rPois rN+ Int+2}
 10857 | Lair:2   | Noticed Urug
 10873 | Lair:2   | Killed Urug
 11221 | Lair:2   | Found a large runed translucent door.
 11221 | Lair:2   | Found a large runed translucent door.
 11222 | Lair:2   | Noticed pkoi's ghost (journeyman TrMo)
 11293 | Lair:2   | Reached XP level 12. HP: 105/113 MP: 11/11
 11355 | Lair:2   | Reached skill level 5 in Shields
 11683 | Lair:3   | Reached skill level 13 in Fighting
 11809 | Lair:3   | Found a staircase to the Snake Pit.
 12652 | Lair:4   | Noticed a boulder beetle
 12675 | Lair:4   | Killed a boulder beetle
 12676 | Lair:4   | Reached skill level 14 in Fighting
 12847 | Lair:4   | Found a staircase to the Shoals.
 12849 | Lair:4   | Received a gift from Trog
 12853 | Lair:4   | Noticed a death yak
 12853 | Lair:4   | Noticed a death yak
 12860 | Lair:4   | Noticed a death yak
 12869 | Lair:4   | Noticed a death yak
 12886 | Lair:3   | Killed a death yak
 13015 | Lair:4   | Found a runed translucent gate.
 13015 | Lair:4   | Found a runed translucent gate.
 13016 | Lair:4   | Noticed a nine-headed hydra
 13073 | Lair:4   | Noticed a death yak
 13087 | Lair:4   | Killed a death yak
 13091 | Lair:4   | Noticed Sonja
 13100 | Lair:4   | Noticed a death yak
 13105 | Lair:4   | Noticed a death yak
 13110 | Lair:4   | Killed a death yak
 13111 | Lair:4   | Reached XP level 13. HP: 125/125 MP: 12/12
 13130 | Lair:4   | Killed Sonja
 13131 | Lair:4   | Reached skill level 15 in Fighting
 13700 | Lair:4   | Reached skill level 16 in Fighting
 13906 | Lair:4   | Found a runed translucent gate.
 13908 | Lair:4   | Noticed Zaegoraum's ghost (journeyman DsAK)
 13931 | Lair:4   | Killed Zaegoraum's ghost
 13943 | Lair:4   | Identified the +8 lajatang of Fedhas's Condemnation
                  | {vorpal, Dex+3 SInv}
 14307 | Lair:5   | Noticed Snorg
 14328 | Lair:5   | Killed Snorg
 14430 | Lair:5   | Reached skill level 10 in Shields
 14598 | Lair:5   | Reached XP level 14. HP: 132/138 MP: 13/13
 14638 | Lair:5   | Found an opulent altar of Gozag.
 14795 | Lair:5   | Reached skill level 17 in Fighting
 15032 | Lair:6   | Entered Level 6 of the Lair of Beasts
 15398 | Lair:6   | Received a gift from Trog
 15451 | Lair:6   | Reached skill level 18 in Fighting
 15751 | Lair:6   | Noticed Kirke
 15756 | Lair:6   | Killed Kirke
 15757 | Lair:6   | Reached skill level 15 in Armour
 16217 | Lair:6   | Found a staircase to the Slime Pits.
 16909 | D:11     | Reached XP level 15. HP: 117/151 MP: 14/14
 17030 | D:11     | Received a gift from Trog
 17248 | D:11     | Identified the +6 scale mail "Fuuxibbeum" {Contam rPois
                  | Int+4}
 17686 | D:11     | Found a staircase to the Orcish Mines.
 17717 | D:11     | Reached ****** piety under Trog
 17725 | D:11     | Reached skill level 19 in Fighting
 18730 | D:12     | Noticed Jorgrun
 18745 | D:12     | Killed Jorgrun
 20584 | D:14     | Reached skill level 15 in Maces & Flails
 20625 | D:14     | Received a gift from Trog
 20923 | D:14     | Found a basalt altar of Yredelemnul.
 21062 | D:14     | Found Xiqianos's Magic Scroll Emporium.
 21588 | D:14     | Found a gate to the Vaults.
 21596 | D:14     | Identified the +5 plate armour of Lugonu's Delight {Str+2}
 21674 | D:14     | Reached XP level 16. HP: 162/162 MP: 15/15
 22093 | D:14     | Received a gift from Trog
 22510 | Orc:1    | Entered Level 1 of the Orcish Mines
 22539 | Orc:1    | Found a runed translucent gate.
 22539 | Orc:1    | Found a runed translucent gate.
 22542 | Orc:1    | Found a runed translucent gate.
 22658 | Orc:1    | Noticed y3s's ghost (journeyman MiBe)
 22658 | Orc:1    | Found the +8 storm bow {elec, penet}
 22664 | Orc:1    | Found Juzes's Armour Emporium.
 22731 | Orc:1    | Paralysed by an orc sorcerer for 7 turns
 22961 | Orc:1    | Killed y3s's ghost
 23001 | Orc:2    | Entered Level 2 of the Orcish Mines
 23191 | Orc:2    | Noticed Saint Roka
 23267 | Orc:2    | Killed Saint Roka
 23268 | Orc:2    | Reached skill level 20 in Fighting
 23322 | Orc:2    | Found a staircase to the Elven Halls.
 23532 | Orc:2    | Received a gift from Trog
 23651 | Orc:2    | Found Ajiudaod's General Store.
 23816 | Orc:2    | Found Ninuof's Armour Emporium.
 23822 | Orc:2    | Found Iczesol's Weapon Emporium.
 23824 | Orc:2    | Found Jotyatir's Distillery.
 24132 | Snake:1  | Entered Level 1 of the Snake Pit
 25442 | Snake:2  | Identified the +7 quarterstaff "Aleuven" {vorpal, Str+4}
                  | (Trog gifted it to you on level 2 of the Snake Pit)
 25442 | Snake:2  | Received a gift from Trog
 26200 | Snake:2  | Gained mutation: You tend to lose your temper in combat.
                  | [potion of mutation]
 26201 | Snake:2  | Lost mutation: You tend to lose your temper in combat.
                  | [potion of mutation]
 26201 | Snake:2  | Gained mutation: Your skin changes colour to match your
                  | surroundings (Stealth+). [potion of mutation]
 26201 | Snake:2  | Gained mutation: You have large cloven feet. [potion of
                  | mutation]
 26202 | Snake:2  | Lost mutation: Your skin changes colour to match your
                  | surroundings (Stealth+). [potion of mutation]
 26202 | Snake:2  | Lost mutation: You have large cloven feet. [potion of
                  | mutation]
 26202 | Snake:2  | Gained mutation: You are strong-willed. (Will+) [potion of
                  | mutation]
 26202 | Snake:2  | Gained mutation: You have a pair of large horns on your
                  | head. [potion of mutation]
 26202 | Snake:2  | Gained mutation: You possess an exceptional clarity of
                  | mind. [potion of mutation]
 26473 | Snake:3  | Reached skill level 15 in Shields
 26729 | Snake:3  | Reached XP level 17. HP: 155/171 MP: 16/16
 27287 | Snake:4  | Entered Level 4 of the Snake Pit
 27627 | Snake:4  | Noticed Louise
 27643 | Snake:4  | Killed Louise
 28470 | Snake:4  | Received a gift from Trog
 29211 | Snake:4  | Got a serpentine rune of Zot
 29279 | Snake:4  | Received a gift from Trog
 29591 | Snake:4  | Noticed Vashnia
 29615 | Snake:4  | Killed Vashnia
 29868 | Shoals:1 | Entered Level 1 of the Shoals
 30525 | Shoals:1 | Identified the -4 cloak of Qazlal's Fury {Regen+}
 30647 | Shoals:1 | Identified the +3 kite shield of Xines {rF- rC+ rN+}
 30647 | Shoals:1 | Noticed Donald
 30671 | Shoals:1 | Killed Donald
 30672 | Shoals:1 | Reached XP level 18. HP: 153/180 MP: 17/17
 30999 | Shoals:1 | Noticed Frances
 31015 | Shoals:1 | Killed Frances
 31547 | Shoals:2 | Identified the +11 mace "Ylalys" {flame, Str+5} (Trog
                  | gifted it to you on level 2 of the Shoals)
 31547 | Shoals:2 | Received a gift from Trog
 33844 | Shoals:4 | Entered Level 4 of the Shoals
 34186 | Shoals:4 | Received a gift from Trog
 34187 | Shoals:4 | Reached skill level 21 in Fighting
 35079 | Shoals:4 | Got a barnacled rune of Zot
 35335 | Shoals:4 | Noticed Nikola
 35347 | Shoals:4 | Killed from afar by Nikola

Illustrated notes

Levels and vault maps discovered:
D:1:      psy_arrival_basics, layout_basic, due_unseen_surprise
D:2:      layout_loops_ring, uniq_robin, uniq_crazy_yiuf_cottage
D:3:      layout_rooms, serial_shops, shop_coins,
          ebering_ecumenical_altar_ruins, uniq_sigmund
D:4:      minmay_bubble_buster, layout_cave_pools,
          minmay_temple_entry_proselytizer, serial_column_ruins,
          column_ruins_open_tiny, column_ruins_columns_corner,
          column_ruins_open_small_water, column_ruins_grid_3,
          column_ruins_grid_4, minmay_mini_ossuary, uniq_edmund
D:5:      layout_basic, serial_shops, shop_coins, grunt_ministairs_12,
          chequers_serial_rivers_micro_b, uniq_duvessa
D:6:      layout_gridville
D:7:      layout_cave_pools
D:8:      layout_gridville, nicolae_wu_jian_wuxing_cycle
D:9:      layout_roguey, erik_lair_orcish_takeover, uniq_prince_ribbit1
D:10:     minmay_the_grid_four_pointed_star
          [minmay_the_grid_triangle_9x9_shrine,
          minmay_the_grid_triangle_9x9_checkered,
          minmay_the_grid_triangle_9x9_windchime,
          minmay_the_grid_triangle_9x9_empty,
          minmay_the_grid_prize_four_corners_diamond_b], layout_cross,
          dk_noncrumbling_4, uniq_nergalle
D:11:     minmay_diamond_stairs, layout_irregular_city, david_orc_5,
          serial_column_ruins, column_ruins_corridor_straight,
          column_ruins_open_small, column_ruins_columns_dead_end,
          column_ruins_open_medium, bh_hangedman_babel_library
D:12:     minmay_coctagon, layout_loops_ring, minmay_between, uniq_jorgrun
D:13:     layout_grid_maze
D:14:     kennysheep_four_of_diamonds, layout_loops_ring,
          ximxim_vaults_locker_room, serial_shops, nicolae_take_the_stairs,
          basic_altar, small_statue_intersection
Lair:1:   layout_layer_cave, grunt_megastairs_1, uniq_harold
Lair:2:   layout_regular_city, ebering_ghost_disaster_area, uniq_urug
Lair:3:   layout_regular_city, minmay_snake_entry_guardpost_small
Lair:4:   layout_misc_corridors, elwin_shoals_entry_rocks,
          gammafunk_ghost_hydra_chop, beast_lair_carwin_8, grunt_megastairs_3,
          serial_bayou_shore_b, uniq_sonja
Lair:5:   layout_concentric_octagons, basic_altar, uniq_snorg
Lair:6:   hangedman_lair_tendril_chambers, layout_gridlike,
          dpeg_slime_entry_corner, uniq_kirke
Shoals:1: layout_shoals, uniq_frances, uniq_donald
Shoals:2: layout_shoals, nicolae_shoals_loop_pool
Shoals:3: layout_shoals
Shoals:4: shoals_end_grunt_garden, layout_shoals, uniq_nikola
Snake:1:  layout_grid_shapes, serial_bayou_shore_a, lemuel_fruit_tree
Snake:2:  layout_misc_corridors
Snake:3:  layout_grid_maze, nicolae_snake_round_shape_thing,
          nicolae_snake_lava_pool
Snake:4:  johnstein_snake_rune_scales, layout_cave_town,
          nicolae_snake_ghostly_warrior_ritual, uniq_louise
Orc:1:    layout_diamond_mine, ebering_ghost_rock_garden, serial_shops,
          nicolae_shop_stone
Orc:2:    st_orc_elflike, layout_caves, basic_altar, uniq_saint_roka

Skill      XL: |  1  2  3  4  5  6  7  8  9 10 11 12 13 14 15 16 17 18 |
---------------+-------------------------------------------------------+-----
Maces & Flails | 4 5 8 9 11 13 14 15 16 17 | 17.3
Fighting       | 7 9 12 14 16 18 19 20 21 | 21.1
Armour         | 6 9 11 12 14 15 16 17 18 | 18.3
Dodging        | 4 6 7 8 |  8.3
Shields        | 4 8 10 12 13 15 18 20 | 20.2

Action                   |  1- 3 |  4- 6 |  7- 9 | 10-12 | 13-15 | 16-18 || total
-------------------------+-------+-------+-------+-------+-------+-------++-------
Melee: Mace              |    93 |    11 |       |       |       |       ||   104
       Headbutt          |    12 |     9 |    57 |   127 |   383 |   512 ||  1100
       Quarterstaff      |       |    55 |   161 |       |       |       ||   216
       Dire flail        |       |       |    75 |    84 |       |       ||   159
       Demon whip        |       |       |       |   365 |  1060 |   941 ||  2366
       Eveningstar       |       |       |       |       |       |   512 ||   512
Invok: Berserk           |       |     3 |     4 |     3 |    11 |    13 ||    34
       Trog's Hand       |       |       |     1 |     5 |     3 |    13 ||    22
       Brothers in Arms  |       |       |       |     1 |     1 |     3 ||     5
  Use: Scroll            |     1 |       |     9 |     9 |     5 |     1 ||    25
       Potion            |       |       |     5 |       |     4 |     4 ||    13
 Stab: Confused          |       |       |     1 |       |       |       ||     1
       Paralysed         |       |       |     1 |       |       |       ||     1
Armor: Animal skin       |    14 |       |       |       |       |       ||    14
       Robe              |     6 |     1 |       |       |       |       ||     7
       Ring mail         |       |    15 |    39 |       |       |       ||    54
       Plate armour      |       |       |    82 |    98 |     1 |   380 ||   561
       Chain mail        |       |       |       |    52 |   306 |       ||   358
Dodge: Dodged            |    62 |    24 |    71 |   130 |   278 |   251 ||   816
Block: Kite shield       |       |       |       |    85 |   537 |   839 ||  1461
       Buckler           |       |       |       |     6 |       |       ||     6
       Reflection        |       |       |       |       |    14 |   206 ||   220
       Tower shield      |       |       |       |       |       |   457 ||   457
